 Dungeon Crawl Stone Soup version 0.31-a0-977-gc230f8ef24 (webtiles) character file.

Game seed: 143005778597934225

91 Shayle the Trooper (level 4, -5/28 HPs)
             Began as a Tengu Hexslinger on Oct 29, 2023.
             Slain by an orc
             ... wielding a +0 flail
              (7 damage)
             ... on level 3 of the Dungeon.
             The game lasted 00:04:04 (1456 turns).

Shayle the Trooper (Tengu Hexslinger)               Turns: 1456, Time: 00:04:05

Health: -5/28      AC:  6    Str:  8    XL:     4   Next: 59%
Magic:  6/6        EV: 10    Int: 14    God:
Gold:   58         SH:  0    Dex: 18    Spells: 5/5 levels left

rFire   . . .        a - +1 sling
rCold   . . .        (no shield)
rNeg    . . .        e - +0 ring mail
rPois   .            (helmet restricted)
rElec   .            (no cloak)
rCorr   .            o - +0 pair of gloves
SInv    .            (boots unavailable)
Will    .....        (no amulet)
Stlth   +            (no ring)
HPRegen 0.24/turn    (no ring)
MPRegen 0.10/turn

%: acrobat
@: mighty
A: beak, talons 3, acrobatic
a: no special abilities


You were on level 3 of the Dungeon.
You visited 1 branch of the dungeon, and saw 4 of its levels.

You collected 58 gold pieces.

Inventory:

Hand Weapons
 a - a +1 sling (weapon)
 p - a +1 vampiric hand axe
Armour
 c - a +0 robe
 e - a +0 ring mail (worn)
 o - a +0 pair of gloves (worn)
Scrolls
 b - 3 scrolls of poison
 j - a scroll of fear {unknown}
 k - a scroll of teleportation {unknown}
Potions
 h - 2 potions of degeneration
 l - a potion of brilliance
 n - a potion of enlightenment {unknown}
 q - a potion of mutation {unknown}


   Skills:
 + Level 3.0 Fighting
 - Level 2.1 Ranged Weapons
 - Level 2.1 Dodging
 + Level 3.0 Unarmed Combat
 - Level 1.0 Spellcasting
 - Level 2.1 Hexes
 - Level 1.1 Fire Magic


You had 5 spell levels left.
You didn't know any spells.
Your spell library contained the following spells:

 Spells                   Type           Power      Damage    Failure   Level
 Jinxbite                 Hex            12%        N/A       45%         2
 Ensorcelled Hibernation  Hex/Ice        6%         N/A       61%         2
 Sigil of Binding         Hex            6%         N/A       69%         3
 Cigotuvi's Dreadful Rot  Necr/Pois/Air  0%         N/A       77%         2
 Passwall                 Tmut/Erth      0%         N/A       77%         2
 Inner Flame              Hex/Fire       5%         N/A       77%         3
 Ignite Poison            Fire/Tmut/Pois 1%         N/A       91%         3
 Swiftness                Air            0%         N/A       94%         3
 Cause Fear               Hex            3%         N/A       97%         4
 Dimensional Bullseye     Hex/Tloc       1%         N/A       99%         4
 Freezing Cloud           Conj/Ice/Air   0%         6-21      100%        5


Dungeon Overview and Level Annotations

Branches:
Dungeon (4/15)
 Temple: D:4-7

Altars:


Innate Abilities, Weirdness & Mutations

You have a beak for a mouth.
You have claws for feet.
You can magically evade attacks while moving or waiting.


Message History

You shoot a sling bullet.
The sling bullet barely misses the orc priest.
The orc barely misses you. x2; The orc priest closely misses you.
The orc hits you with a +0 falchion.
You shoot a sling bullet.
The sling bullet hits the orc priest but does no damage.
The orc hits you but does no damage.
The orc priest invokes the aid of Beogh against you.
Pain shoots through your body!
* * * LOW HITPOINT WARNING * * *
The orc barely misses you. The orc closely misses you.
The orc priest hits you but does no damage.
It was a potion of ambrosia.
You are confused.
You feel invigorated. The orc hits you with a +0 falchion.
* * * LOW HITPOINT WARNING * * *
The orc hits you but does no damage.
The orc priest hits you but does no damage.
You completely miss the orc priest. You claw the orc priest.
You punch the orc priest, but do no damage.
The orc priest is moderately wounded.
The orc hits you with a +0 falchion. The orc hits you but does no damage.
The orc priest hits you with a +0 club. The orc misses you.
You clumsily bash the orc priest but do no damage.
Your kick misses the orc priest.
The orc priest is moderately wounded.
You feel less invigorated.
You feel less confused. The orc hits you but does no damage.
The orc priest mumbles some strange prayers to Beogh against you.
Pain shoots through your body!
* * * LOW HITPOINT WARNING * * *
The orc hits you with a +0 falchion.
* * * LOW HITPOINT WARNING * * *
The orc misses you.
The orc priest hits you but does no damage.
It was a potion of might.
You feel very mighty all of a sudden. The orc closely misses you.
The orc hits you with a +0 flail!
You die...

#.# #.# *,* #.# #.# *,*
#.# #.# *,*
#.######.#########,*
*,*#####.#########,*
*,*#####.#########,*
*,,...##.#########,*
***##.##o#########,*
##r##.@o#######,****
##.####o#######,,,,****
##.####.#######,,#..,,,
##.####.#######....#***
##.####...oo...o....,,,
##.#############.)#.,,,
##.############*,,*,***
##.############*,,*,*
##.............,,,*,* *


You could see an orc priest and 2 orcs.

Vanquished Creatures
  Robin (D:3)
  A gnoll (D:3)
  A worm (D:2)
  An orc (D:3)
  8 bats
  3 endoplasms
  2 giant cockroaches
  7 goblins
  12 hobgoblins
  4 quokkas
  4 ball pythons
  5 frilled lizards
  8 kobolds
  3 rats (D:1)
60 creatures vanquished.

Notes
Turn   | Place    | Note
-------+----------+-------------------------------------------
     0 | D:1      | Shayle the Tengu Hexslinger began the quest for the Orb.
     0 | D:1      | Reached XP level 1. HP: 12/12 MP: 3/3
   178 | D:1      | Reached skill level 1 in Unarmed Combat
   179 | D:1      | Reached XP level 2. HP: 13/16 MP: 4/4
   552 | D:1      | Reached XP level 3. HP: 21/21 MP: 5/5
   660 | D:1      | Found a faded altar of an unknown god.
   976 | D:2      | You fall into a shaft and drop 2 floors!
  1239 | D:3      | HP: 1/22 [gnoll/+0 flail (5)]
  1244 | D:3      | Reached XP level 4. HP: 12/27 MP: 6/6
  1312 | D:3      | Noticed Robin
  1342 | D:3      | Killed Robin
  1456 | D:3      | Slain by an orc

Illustrated notes

Levels and vault maps discovered:
D:1:      reono_arrival_forest_river, layout_loops_ring,
          shapermc_ecumenical_altar_mp_vishouse, minmay_box_of_dots
D:2:      layout_loops_ring
D:3:      layout_loops_ring, uniq_robin
D:4:      layout_loops_cross, minmay_strange_pillars, fountainhead,
          kennysheep_potato

Skill      XL: |  1  2  3  4 |
---------------+-------------+-----
Unarmed Combat | 1 2 3 |  3.0
Fighting       | 2 3 |  3.0
Ranged Weapons | |  2.1
Dodging        | |  2.1
Spellcasting   | |  1.0
Hexes          | |  2.1
Fire Magic     | |  1.1

Action                     |  1- 3 |  4- 6 || total
---------------------------+-------+-------++-------
  Melee: Sling             |       |     2 ||     2
         Kick              |       |     1 ||     1
         Punch             |       |     1 ||     1
   Fire: Sling             |   138 |    44 ||   182
    Use: Potion            |     4 |     3 ||     7
         Scroll            |       |     3 ||     3
 Armour: Ring mail         |    66 |    40 ||   106
         Robe              |     2 |       ||     2
  Dodge: Dodged            |    65 |    47 ||   112

Table legend: (Time is in decaauts)
 A = Elapsed time spent in this place.
 B = Non-inter-level travel time spent in this place.
 C = Inter-level travel time spent in this place.
 D = Time resting spent in this place.
 E = Time spent auto-exploring this place.
 F = Levels seen in this place.
 G = Mean time per level.
                   A        B        C        D        E       F      G
               +--------+--------+--------+--------+--------+-----+--------+
         Total |   1548 |   1540 |      8 |     60 |    915 |   4 |  387.0 |
       Dungeon |   1548 |   1540 |      8 |     60 |    915 |   4 |  387.0 |
               +--------+--------+--------+--------+--------+-----+--------+

Top non-repeatable levels by time:
     D:1: 828 daAuts
     D:2: 332 daAuts
     D:3: 288 daAuts
     D:4: 98 daAuts
